Map: Dusk Towers

Players

xJordanx - Winner!

  • Race: Zerg Zerg
  • League: Platinum

Hyper

  • Race: Protoss Protoss
  • League: Gold

VOD

Have the link to the VOD?

Description

Time

  • Played on: May 14, 2016, 11:37 p.m.
  • Length: 15:48
Show
View Real Time Build Order
Export as new Build Order

xJordanx Zerg - Winner!

Build Orders: Hatch First, Lurkers 

Get SALT Encoding   

  12  0:02  Drone  
  13  0:08  Drone  
  14  0:16  Drone, Extractor  
  15  0:30  Overlord  
  15  0:51  Hatchery  
  15  0:56  Drone x2  
  15  0:57  Drone  
  17  1:23  Drone, Spawning Pool  
  17  1:24  Drone, Extractor  
  18  1:40  Drone x2  
  19  1:51  Drone  
  20  2:14  Hatchery  
  20  2:15  Drone x4  
  23  2:16  Queen  
  25  2:24  Overlord  
  25  2:35  Metabolic Boost  
  25  2:44  Drone x4  
  25  2:49  Queen  
  31  2:59  Overlord  
  31  3:00  Drone  
  31  3:01  Drone  
  33  3:06  Drone  
  33  3:08  Drone  
  35  3:15  Spore Crawler  
  35  3:19  Spore Crawler  
  33  3:21  Drone x2  
  35  3:34  Drone x4  
  35  3:35  Zergling x4  
  41  3:43  Lair  
  41  3:47  Drone  
  41  3:48  Drone x2, Extractor  
  42  3:49  Drone  
  42  3:51  Spore Crawler  
  43  4:09  Overlord x2  
  43  4:10  Overlord x2  
  43  4:18  Spore Crawler  
  43  4:19  Spore Crawler, Drone  
  42  4:27  Queen  
  44  4:31  Drone  
  44  4:32  Drone x8  
  53  4:44  Drone x3, Extractor  
  53  4:45  Drone x3, Extractor  
  57  4:47  Drone  
  57  4:48  Drone  
  59  4:55  Baneling Nest  
  59  4:57  Drone x2  
  60  5:04  Evolution Chamber x2  
  57  5:16  Drone x2  
  57  5:17  Drone  
  57  5:20  Drone  
  61  5:21  Drone  
  61  5:22  Drone x6  
  61  5:23  Zergling x2  
  61  5:26  Extractor  
  61  5:27  Extractor  
  67  5:28  Spore Crawler  
  67  5:33  Infestation Pit  
  67  5:34  Zerg Melee Weapons Level 1  
  67  5:35  Zerg Missile Weapons Level 1  
  65  5:42  Hydralisk Den  
  64  5:44  Pneumatized Carapace  
  63  5:50  Zergling x2  
  63  5:51  Zergling x18  
  73  5:59  Centrifical Hooks  
  73  6:03  Overlord  
  73  6:04  Overlord x4  
  73  6:28  Overseer x2  
  73  6:33  Hatchery  
  73  6:38  Muscular Augments  
  72  6:40  Hive  
  72  6:42  Drone x10  
  72  6:43  Drone x6  
  72  6:44  Zergling x4  
  90  6:54  Hydralisk x4  
  90  6:55  Hydralisk  
  100  7:09  Queen  
  100  7:13  Drone x3  
  100  7:14  Drone x2  
  107  7:45  Queen  
  107  7:50  Zerg Melee Weapons Level 2  
  109  7:53  Zerg Missile Weapons Level 2  
  109  7:57  Spire  
  108  8:00  Lurker Den  
  108  8:03  Zergling x22  
  108  8:05  Overlord x4  
  119  8:06  Overlord x2  
  119  8:26  Queen  
  121  8:31  Hydralisk x14  
  121  8:32  Hydralisk  
  151  8:51  Extractor  
  151  8:52  Drone, Extractor  
  151  8:54  Drone x3  
  151  8:55  Drone x3  
  156  8:56  Drone x3, Hydralisk  
  156  8:57  Hydralisk x3  
  167  9:27  Lurker  
  167  9:30  Overlord  
  167  9:31  Overlord x6  
  168  9:32  Overlord  
  168  9:39  Greater Spire  
  168  9:51  Lurker x2  
  168  9:52  Lurker x8  
  178  9:53  Lurker  
  177  10:41  Hydralisk  
  177  10:42  Hydralisk x10  
  174  10:43  Hydralisk x7  
  155  11:17  Corruptor x9  
  173  11:23  Zergling x2  
  173  11:24  Zergling x14  
  181  11:28  Hatchery  
  180  11:37  Hatchery  
  157  11:45  Hydralisk  
  157  11:46  Hydralisk x12  
  139  11:53  Brood Lord  
  151  12:21  Brood Lord x4  
  159  12:27  Zergling x2  
  159  12:28  Zergling x24  
  159  12:29  Zergling x14, Extractor  
  178  12:34  Extractor  
  177  12:39  Extractor  
  177  12:43  Extractor  
  167  13:29  Zerg Flyer Armor Level 1  
  167  13:34  Adrenal Glands  
  167  13:35  Zergling x12  
  167  13:36  Zergling x36  
  167  13:37  Zergling x18  
  115  14:32  Zergling x12  
  115  14:33  Zergling x50  
  115  14:34  Zergling x6  
  132  15:08  Hydralisk x7  
  132  15:09  Hydralisk x15  
Show
View Real Time Build Order
Export as new Build Order

Hyper Protoss 

Build Orders: 1 Gate Expand, Phoenix Opening, Zealot Archon 

Get SALT Encoding   

  12  0:01  Probe (Chrono Boost)  
  13  0:11  Probe (Chrono Boost)  
  14  0:19  Pylon  
  14  0:22  Probe (Chrono Boost)  
  15  0:37  Probe (Chrono Boost)  
  15  0:38  Gateway  
  16  0:46  Assimilator  
  16  0:47  Probe (Chrono Boost)  
  17  0:58  Probe (Chrono Boost)  
  18  1:08  Probe (Chrono Boost)  
  19  1:19  Probe (Chrono Boost)  
  20  1:37  Nexus  
  20  1:40  Probe (Chrono Boost)  
  21  1:49  Cybernetics Core  
  21  1:52  Gateway  
  21  1:58  Pylon  
  21  2:15  Probe (Chrono Boost)  
  22  2:20  Assimilator, Zealot  
  24  2:26  Probe (Chrono Boost)  
  25  2:33  Stargate  
  25  2:36  Warp Gate  
  25  2:46  Probe (Chrono Boost)  
  25  2:50  Probe (Chrono Boost)  
  27  2:54  Stalker  
  29  2:59  Probe (Chrono Boost)  
  29  3:04  Pylon  
  30  3:15  Adept  
  30  3:17  Probe x2 (Chrono Boost)  
  30  3:19  Phoenix  
  36  3:28  Probe x2 (Chrono Boost)  
  36  3:29  Assimilator  
  36  3:33  Assimilator  
  38  3:39  Probe x2 (Chrono Boost)  
  40  3:45  Twilight Council  
  40  3:56  Robotics Facility  
  40  3:58  Probe (Chrono Boost)  
  41  4:17  Probe x2 (Chrono Boost)  
  41  4:23  Zealot  
  45  4:24  Zealot  
  45  4:27  Charge (Chrono Boost)  
  45  4:28  Probe x2 (Chrono Boost)  
  49  4:42  Pylon  
  49  4:47  Templar Archives  
  49  4:50  Observer  
  50  4:59  Probe x2 (Chrono Boost)  
  52  5:09  Gateway x2  
  52  5:10  Probe x2 (Chrono Boost)  
  54  5:16  Gateway  
  54  5:20  Immortal  
  58  5:23  Probe (Chrono Boost)  
  58  5:25  Probe (Chrono Boost)  
  60  5:34  Probe  
  61  5:35  Probe  
  62  6:02  Pylon  
  62  6:04  Pylon  
  62  6:13  Pylon  
  62  6:15  Pylon  
  62  6:17  Nexus  
  62  6:18  Probe  
  62  6:20  High Templar x2, Probe  
  62  6:25  Immortal  
  72  6:27  Archon  
  72  6:29  Probe  
  72  6:32  Probe  
  74  6:48  Pylon  
  74  6:51  Pylon, Forge  
  74  6:55  Pylon  
  74  6:56  Pylon, Assimilator  
  74  7:02  Assimilator  
  74  7:04  Gateway  
  74  7:05  Gateway  
  74  7:07  Gateway  
  74  7:11  High Templar  
  74  7:12  High Templar x2  
  74  7:13  High Templar  
  82  7:16  Immortal  
  82  7:18  Archon x2  
  86  7:23  Protoss Ground Weapons Level 1 (Chrono Boost)  
  85  7:32  Probe x2  
  85  7:33  Probe  
  85  7:35  Zealot  
  90  7:42  Gateway  
  90  7:47  High Templar x4, Gateway  
  90  7:51  Archon x2  
  98  7:53  Immortal  
  102  8:11  Zealot  
  104  8:19  High Templar x2  
  108  8:20  Zealot  
  108  8:21  Zealot x4  
  108  8:23  Archon  
  118  8:31  Pylon  
  118  8:34  Probe  
  118  8:36  Probe x2  
  118  8:40  Zealot  
  123  8:45  Gateway  
  123  8:48  Probe  
  123  8:50  Probe, Mothership Core  
  123  8:52  High Templar x2, Gateway  
  123  8:53  Zealot x3  
  123  8:55  Zealot  
  139  8:57  Archon  
  139  9:10  Protoss Ground Weapons Level 2 (Chrono Boost)  
  139  9:12  High Templar x2  
  143  9:17  Immortal  
  143  9:18  Archon  
  147  9:25  Zealot  
  149  9:32  Pylon x2  
  149  9:34  Pylon  
  149  9:37  Pylon  
  149  9:53  Observer  
  149  9:54  High Templar x2  
  149  9:55  Zealot x3  
  149  9:56  Zealot x4  
  149  9:57  Zealot  
  149  9:58  Archon  
  170  10:07  Nexus  
  170  10:08  Pylon  
  170  10:09  Warp Prism  
  172  10:36  High Templar x3  
  172  10:37  High Templar x2  
  172  10:38  High Templar  
  172  10:39  Zealot  
  172  10:40  Zealot x3  
  112  10:59  Observer  
  113  11:04  Zealot x3  
  113  11:05  Zealot  
  113  11:07  Archon x2  
  113  11:08  Archon  
  121  11:17  High Templar  
  121  11:18  High Templar x3  
  127  11:19  Zealot  
  127  11:20  Zealot  
  127  11:22  Archon x2  
  133  11:28  Observer  
  110  11:47  Protoss Ground Weapons Level 3 (Chrono Boost)  
  110  11:51  High Templar  
  110  11:52  Zealot x2  
  110  11:53  Zealot x5  
  126  11:55  Zealot  
  126  11:56  High Templar  
  126  12:00  Assimilator  
  130  12:05  Assimilator  
  130  12:07  Immortal, Archon  
  134  12:26  Probe  
  134  12:27  Probe x3  
  138  12:41  Robotics Facility  
  138  12:44  Observer  
  139  12:52  High Templar x4  
  139  12:54  Zealot x6  
  139  12:57  Archon  
  159  12:58  Archon  
  148  13:26  Immortal  
  148  13:31  Immortal  
  148  13:33  High Templar x3  
  148  13:34  High Templar  
  164  13:35  Zealot x5  
  164  13:36  Zealot  
  164  13:38  Archon  
  164  13:39  Archon  
  159  14:00  Warp Prism  
  123  14:04  Zealot x5  
  123  14:05  Zealot  
  119  14:16  Immortal  
  107  14:17  Stalker  
  107  14:18  Stalker x3  
  99  14:29  Stalker x3  
  97  14:31  Immortal  
  97  14:35  High Templar x2  
  105  14:39  Archon  
  105  14:58  Stalker x3  
  108  15:14  Stalker  
  104  15:17  High Templar x2  
  91  15:30  Zealot x2  
Tags
 
Add a new tag
Caveats
  • Supply blocks, unpowered buildings, or Contaminate may cause inaccurate times.
  • Supply counts are checked every 10 seconds.